Map: Ley Lines

Players

GangusKaun - Winner!

  • Race: Protoss Protoss
  • League: Gold
  • Spawn Location: 1:00

Lukeval

  • Race: Terran Terran
  • League: Gold
  • Spawn Location: 7:00

VOD

Have the link to the VOD?

Description

Time

  • Played on: Dec. 29, 2024, 12:27 p.m.
  • Length: 23:04
Show
View Real Time Build Order
Export as new Build Order

GangusKaun Protoss - Winner!

Build Orders: 1 Gate Expand, Zealot Archon, Dark Templar Rush 

Get SALT Encoding   

  12  0:10  Pylon  
  12  0:13  Probe  
  13  0:25  Probe  
  14  0:32  Gateway  
  14  0:39  Probe  
  15  0:46  Assimilator  
  15  0:47  Probe  
  15  0:56  Probe  
  17  1:08  Probe  
  18  1:20  Probe  
  18  1:23  Cybernetics Core  
  19  1:32  Probe  
  20  1:39  Nexus  
  20  1:48  Pylon  
  20  1:51  Adept  
  20  1:57  Assimilator  
  22  2:09  Warp Gate  
  22  2:12  Probe  
  23  2:17  Adept  
  23  2:24  Probe  
  26  3:01  Twilight Council  
  26  3:07  Shield Battery  
  26  3:13  Probe x2  
  28  3:21  Adept  
  28  3:25  Probe x2  
  32  3:34  Robotics Facility  
  32  3:37  Gateway  
  32  3:39  Gateway, Probe  
  33  3:54  Dark Shrine  
  33  4:01  Probe x2  
  35  4:11  Pylon  
  35  4:14  Pylon  
  35  4:15  Probe x2  
  37  4:17  Assimilator  
  37  4:21  Warp Prism, Assimilator  
  39  4:27  Blink  
  39  4:28  Stalker  
  41  5:04  Observer  
  42  5:26  Shield Battery  
  42  5:28  Forge  
  42  5:34  Gateway  
  42  5:36  Dark Templar x2  
  42  5:40  Zealot  
  48  6:12  Protoss Ground Weapons Level 1  
  42  6:26  Stalker x3  
  48  6:43  Photon Cannon  
  48  6:47  Photon Cannon  
  48  6:48  Immortal  
  48  6:49  Charge  
  48  6:54  Photon Cannon  
  52  6:56  Pylon  
  52  6:58  Robotics Bay  
  52  7:10  Probe x2  
  52  7:11  Photon Cannon  
  52  7:13  Photon Cannon  
  54  7:15  Pylon  
  54  7:18  Dark Templar  
  54  7:21  Sentry  
  58  7:28  Dark Templar  
  60  7:34  Colossus  
  60  7:41  Archon  
  66  7:55  Pylon  
  66  8:00  Pylon  
  66  8:05  Extended Thermal Lance  
  66  8:06  Photon Cannon  
  66  8:07  Probe x2  
  68  8:28  Observer  
  69  8:50  Protoss Ground Weapons Level 2  
  69  8:51  Nexus  
  69  8:52  Probe x2  
  69  8:55  Pylon  
  71  8:58  Pylon  
  67  9:17  Observer  
  67  9:19  Probe x2  
  67  9:21  Templar Archives  
  71  9:31  Probe x2  
  71  9:37  Colossus  
  72  9:43  Probe x2  
  80  9:55  Probe x2  
  82  10:00  Gateway  
  81  10:07  Gateway  
  53  10:34  Probe  
  53  10:35  Probe  
  55  10:39  Zealot x4  
  63  10:44  Psionic Storm  
  63  10:50  Colossus  
  63  10:54  High Templar  
  71  10:58  Protoss Shields Level 1  
  71  10:59  High Templar x3  
  71  11:00  High Templar  
  71  11:03  High Templar  
  81  11:21  Probe x3  
  84  11:25  Assimilator  
  84  11:29  Assimilator  
  84  11:30  Shield Battery  
  84  11:33  Probe x2  
  84  11:34  Shield Battery  
  84  11:35  Probe  
  84  11:37  Shield Battery  
  84  11:38  Shield Battery  
  87  11:40  Photon Cannon  
  87  11:44  Photon Cannon  
  87  11:45  Probe  
  88  11:48  Probe x2  
  88  11:50  Colossus  
  96  11:59  Stalker  
  96  12:00  Stalker  
  100  12:03  Sentry x3  
  106  12:14  Gravitic Boosters  
  106  12:30  Probe x2  
  108  12:43  Probe x2  
  110  12:50  Gateway  
  110  12:54  Gateway  
  110  12:58  Gateway  
  110  13:00  Robotics Facility  
  110  13:04  Immortal  
  110  13:05  Zealot x3  
  116  13:06  Zealot x2  
  118  13:33  Stalker x3  
  124  13:35  Archon x2  
  124  13:47  Pylon  
  124  13:55  Nexus  
  124  13:57  Pylon  
  124  14:01  Pylon  
  124  14:05  Immortal x2, Pylon  
  124  14:07  Pylon  
  101  14:35  Stalker x3  
  101  14:36  Stalker x3  
  101  14:37  Stalker  
  115  14:44  Immortal, Probe x3  
  122  14:48  Stargate  
  122  14:50  Protoss Shields Level 2  
  122  14:52  Stargate  
  122  14:53  Stargate  
  122  14:57  Shield Battery  
  122  14:58  Shield Battery  
  122  15:00  Assimilator  
  122  15:02  Assimilator  
  122  15:11  Protoss Air Weapons Level 1  
  122  15:14  Immortal  
  126  15:25  Stalker x4  
  126  15:26  Stalker x3  
  140  15:40  Fleet Beacon  
  140  15:41  Probe x2  
  74  16:13  Colossus x2  
  74  16:18  High Templar x5  
  104  16:19  High Templar x2  
  112  16:31  Stalker x2  
  87  16:54  Dark Templar x3  
  87  16:55  Dark Templar x3  
  77  17:16  Stalker x3  
  83  17:33  Dark Templar  
  83  17:34  Dark Templar x3  
  83  17:36  Zealot x2  
  95  17:37  Immortal  
  95  17:41  Archon  
  95  17:47  Immortal  
  103  17:53  Zealot x3  
  79  18:28  Stalker x4  
  79  18:29  Stalker x4  
  79  18:31  Immortal  
  77  18:49  Probe x3  
  80  19:01  Nexus, Pylon, Probe x3  
  83  19:04  Pylon  
  83  19:07  Immortal  
  87  19:14  Stalker x2  
  91  19:17  High Templar  
  93  19:31  Assimilator  
  93  19:44  Pylon  
  93  19:46  Assimilator  
  93  19:47  Stargate  
  93  19:48  High Templar  
  95  20:11  Immortal  
  95  20:13  Zealot x5  
  109  20:23  Immortal  
  113  20:42  Nexus, Probe x2  
  115  20:47  Pylon  
  115  20:49  Pylon  
  99  20:58  Archon  
  99  21:16  Immortal x2  
  99  21:18  Stalker x4  
  115  21:22  Void Ray  
  97  22:03  Immortal x2  
  105  22:12  Zealot x3  
  105  22:13  Zealot x5  
  117  22:45  Stalker x8  
Show
View Real Time Build Order
Export as new Build Order

Lukeval Terran 

Build Orders:  

Get SALT Encoding   

  12  0:08  SCV  
  13  0:20  Supply Depot  
  13  0:22  Refinery  
  13  0:25  SCV  
  14  0:38  SCV  
  15  0:47  Barracks  
  15  0:50  SCV  
  16  1:02  SCV  
  17  1:14  SCV  
  18  1:26  SCV  
  19  1:35  Supply Depot  
  19  1:36  Reaper  
  20  1:48  SCV, Refinery  
  20  1:53  Factory  
  21  2:00  SCV  
  22  2:11  Marine  
  22  2:12  SCV  
  24  2:24  SCV  
  24  2:29  Marine  
  26  2:35  Command Center  
  26  2:46  Factory Tech Lab  
  26  2:47  Marine  
  26  2:51  Orbital Command  
  27  3:05  Marine  
  28  3:12  Barracks  
  28  3:14  Barracks  
  28  3:28  Siege Tank  
  31  3:36  Supply Depot  
  31  3:40  Barracks Reactor  
  31  3:54  Starport  
  31  4:00  Orbital Command  
  31  4:02  Barracks Tech Lab x2  
  31  4:19  Siege Tank  
  34  4:34  Starport Tech Lab  
  34  4:37  Starport  
  34  4:42  Stimpack, Combat Shield, Engineering Bay  
  34  4:44  Marine x4  
  38  4:50  SCV  
  39  5:02  Marine x2  
  41  5:08  Siege Tank  
  44  5:21  Missile Turret  
  44  5:22  Missile Turret  
  44  5:24  Missile Turret, Starport Reactor  
  44  5:35  Marine x4  
  48  5:47  Raven  
  50  5:53  Marine x4  
  54  6:15  SCV  
  54  6:16  SCV  
  54  6:28  SCV  
  54  6:31  Missile Turret  
  54  6:38  Orbital Command  
  54  7:07  Supply Depot  
  54  7:09  Supply Depot  
  54  7:11  Supply Depot  
  54  7:28  SCV x2, Medivac, Marine x4  
  62  7:31  Medivac  
  62  7:33  Barracks  
  62  7:34  Supply Depot  
  62  7:35  Barracks  
  64  7:40  SCV x2  
  66  7:46  Viking  
  68  7:53  SCV x2  
  70  7:58  Viking  
  70  7:59  Factory  
  70  8:05  SCV x2  
  74  8:15  Marine x4  
  74  8:17  SCV x2  
  80  8:21  Refinery  
  80  8:22  Refinery  
  80  8:24  Terran Infantry Weapons Level 1  
  80  8:28  Interference Matrix  
  80  8:29  SCV  
  80  8:32  Marine  
  80  8:33  Raven  
  84  8:35  Viking  
  86  8:44  Barracks Reactor x2  
  86  8:51  Factory Tech Lab  
  86  9:10  Supply Depot  
  86  9:12  Supply Depot  
  86  9:14  Supply Depot  
  86  9:31  Marine x3  
  86  9:32  Viking x2, Marine  
  86  9:34  Viking, Marine x4  
  86  9:35  Supply Depot  
  100  9:49  Marine x3  
  100  9:51  Marine  
  104  9:53  Marine  
  104  9:54  Marine x3  
  108  10:10  Marine x4  
  108  10:11  Marine x2  
  108  10:12  Marine x2  
  106  10:18  Terran Infantry Armor Level 1  
  98  10:28  Marine x4  
  101  10:29  Marine  
  103  10:38  Marine x2  
  103  10:39  Marine  
  106  10:44  Command Center, Siege Tank  
  109  11:02  Siege Tank  
  112  11:08  Engineering Bay  
  112  11:10  Armory  
  112  11:13  Armory  
  112  11:16  Siege Tank  
  115  11:19  Marine x3  
  115  11:24  Marine  
  118  11:52  Supply Depot  
  118  11:56  Marine x2  
  118  11:59  Supply Depot x2  
  120  12:01  Supply Depot x3  
  120  12:03  Supply Depot  
  120  12:05  Raven  
  120  12:07  Viking x2  
  126  12:16  Terran Infantry Weapons Level 2, Terran Infantry Armor Level 2  
  126  12:20  Terran Vehicle Weapons Level 1  
  126  12:25  Marine  
  126  12:26  Marine x3  
  130  12:31  Orbital Command  
  129  12:37  Viking  
  129  12:40  Raven  
  126  13:27  Marine  
  126  13:28  Marine x7  
  134  13:45  Marine  
  134  13:46  Marine x7  
  134  13:47  Siege Tank  
  145  14:03  Marine  
  145  14:04  Marine x7  
  120  14:21  Marine  
  120  14:22  Marine x7  
  93  14:25  Siege Tank x2  
  93  14:27  Viking  
  92  14:38  Viking x2  
  96  14:39  Marine x8  
  104  14:57  Marine x8  
  112  15:02  Siege Tank x2, Refinery  
  112  15:03  Refinery  
  118  15:11  Raven  
  118  15:12  Viking  
  122  15:14  Marine  
  122  15:15  Marine x5  
  128  15:23  Ghost Academy  
  128  15:32  Marine  
  128  15:33  Marine x3  
  132  15:45  Raven  
  103  15:59  Marine x7  
  103  16:00  Marine  
  94  16:09  Siege Tank  
  94  16:10  Siege Tank  
  99  16:16  Marine  
  99  16:17  Marine x7  
  107  16:31  Command Center  
  107  16:34  Marine x2  
  107  16:35  Marine x6  
  115  16:41  Siege Tank  
  115  16:42  Siege Tank  
  120  16:52  Marine x3  
  120  16:53  Marine x5  
  122  17:10  Marine x5  
  122  17:11  Marine x3  
  126  17:20  Siege Tank x2  
  132  17:28  Marine x6  
  132  17:29  Marine  
  134  17:30  Marine  
  135  17:45  Marine  
  136  17:55  Marine x4  
  106  18:09  Marine  
  106  18:10  Marine x3  
  106  18:13  Marine x4  
  76  18:27  Marine  
  76  18:28  Marine x3  
  76  18:31  Marine x4  
  70  18:45  Marine  
  70  18:46  Planetary Fortress, Marine x3  
  67  18:48  Marine  
  67  18:49  Marine x3  
  71  19:00  Siege Tank x2  
  77  19:03  Marine x4  
  77  19:06  Marine x2  
  77  19:07  Marine x2  
  85  19:14  Viking x2  
  85  19:16  Raven  
  91  19:21  Marine x4  
  95  19:24  Marine x2  
  95  19:28  Missile Turret  
  95  19:29  Missile Turret  
  97  19:39  Missile Turret, Siege Tank  
  97  19:40  Missile Turret  
  97  19:41  Marine  
  101  19:52  SCV x4  
  105  19:56  Viking x2  
  105  19:58  Marine x2  
  111  20:02  Marine x2  
  111  20:04  SCV x2, Missile Turret  
  115  20:10  Raven  
  115  20:11  Marine  
  115  20:12  Marine x3  
  121  20:16  Marine  
  121  20:21  Terran Infantry Armor Level 3  
  122  20:23  Terran Infantry Weapons Level 3  
  122  20:24  Marine x2  
  90  20:59  Marine  
  67  21:09  Marine  
  67  21:10  Marine x6  
  64  21:17  Marine  
  59  21:27  Marine  
  59  21:28  Marine x6  
  66  21:35  Marine  
  66  21:45  Marine x7  
  72  21:53  Marine  
  59  22:03  Marine x7  
  63  22:11  Marine  
  64  22:20  Marine  
  64  22:21  Marine x6  
  71  22:29  Marine  
  55  22:38  Marine  
  55  22:39  Marine x6  
Tags
 
Composition
Zealot Archon
League
GoldGold
Matchup
PvT
Spawn Locations
Cross Positions
Add a new tag
Caveats
  • Supply blocks, unpowered buildings, or Contaminate may cause inaccurate times.
  • Supply counts are checked every 10 seconds.